 Dungeon Crawl Stone Soup version 0.21.0 (webtiles) character file.

1666 raph the Carver (level 8, -4/71 HPs)
             Began as a Minotaur Fighter on Jan 6, 2018.
             Was a Believer of Uskayaw.
             Killed by divine providence
             ... invoked by an orc priest
              (7 damage)
             ... on level 7 of the Dungeon.
             The game lasted 00:10:17 (6014 turns).

raph the Carver (Minotaur Fighter)                  Turns: 6014, Time: 00:10:21

Health: -4/71      AC: 13    Str: 21    XL:     8   Next: 69%
Magic:  6/9        EV:  6    Int:  5    God:    Uskayaw [**....]
Gold:   60         SH: 11    Dex: 12    Spells: 7/7 levels left

rFire    . . .     SeeInvis .   a - +1 long sword
rCold    . . .     Gourm    +   c - +1 shield
rNeg     . . .     Faith    .   y - +0 chain mail
rPois    .         Spirit   .   (helmet restricted)
rElec    .         Reflect  .   (no cloak)
rCorr    .         Harm     .   (no gloves)
MR       .....                  m - +2 pair of boots
Stlth    ..........             l - amulet of the gourmand
HPRegen  0.21/turn              (no ring)
MPRegen  0.11/turn              (no ring)

@: no status effects
A: retaliatory headbutt, horns 2
a: Stomp, Line Pass, Renounce Religion


You were on level 7 of the Dungeon.
You worshipped Uskayaw.
Uskayaw was noncommittal.
You were very full.

You visited 1 branch of the dungeon, and saw 7 of its levels.

You collected 240 gold pieces.
You spent 180 gold pieces at shops.

Inventory:

Hand Weapons
 a - a +1 long sword (weapon)
 b - a +0 hand crossbow
Missiles
 e - 143 stones
 z - 2 tomahawks (quivered)
 B - 31 bolts
Armour
 c - a +1 shield (worn)
 m - a +2 pair of boots (worn)
 y - a +0 chain mail (worn)
Magical Staves
 g - an uncursed staff of conjuration
Jewellery
 l - an amulet of the gourmand (around neck)
 p - a +1 ring of evasion {unknown}
 x - an uncursed amulet of magic regeneration
Wands
 D - a wand of digging (13)
 E - a wand of scattershot (5)
 H - a wand of random effects (18)
Scrolls
 k - 2 scrolls of magic mapping
 q - a scroll of fear {unknown}
 s - 2 scrolls of teleportation
 t - a scroll of remove curse
 u - a scroll of vulnerability {unknown}
Potions
 d - a potion of might
 h - 3 potions of curing
 i - 2 potions of degeneration
 j - 3 potions of resistance
 n - 3 potions of agility {unknown}
 o - 2 potions of cancellation {unknown}
 r - a potion of lignification {unknown}
 v - a potion of magic {unknown}
 w - a potion of berserk rage {unknown}
 C - a potion of flight {unknown}
 F - 4 potions of heal wounds
Comestibles
 f - 13 rations


   Skills:
 + Level 6.5 Fighting
 * Level 8.4 Long Blades
 + Level 6.7 Armour
 + Level 6.7 Shields
 + Level 3.2 Invocations


You had 7 spell levels left.
You didn't know any spells.

Dungeon Overview and Level Annotations

Branches:
Dungeon (7/15)             Temple (0/1) D:6

Altars:
Fedhas
Hepliaklqana
Nemelex Xobeh
Ru
Uskayaw
Wu Jian
Yredelemnul
The Shining One

Shops:
D:7 !


Innate Abilities, Weirdness & Mutations

You reflexively headbutt those who attack you in melee.
You have a pair of horns on your head.


Message History

You kill the centaur!
You feel somewhat less full.
Unknown command.
You slash the orc wizard!
The orc wizard is heavily wounded.
The orc warrior hits you from afar with a halberd!
* * * LOW HITPOINT WARNING * * *
The orc priest mumbles some strange prayers to Beogh against you.
Beogh smites you!
* * * LOW HITPOINT WARNING * * *
The orc wizard points at you and mumbles some strange words.
The magic dart hits you!
You hit the orc wizard.
The orc wizard is almost dead.
The orc warrior hits you from afar with a halberd.
* * * LOW HITPOINT WARNING * * *
The orc wizard casts a cantrip, but nothing happens.
The orc priest mumbles some strange prayers to Beogh against you.
Beogh smites you!
You die...

....>......##.#.#.##.....
##.. #.....##.#.#....####
.....#.....##∩#......####
#..#........#..........
#......#...............
##.#...#.####.###.##### .
#...### #.# #.# # # #...#
# #.# #.# #
....#..@#.####.# #.# #
......o.o......# #.# #
##..#.#o######## #.#
.......o. ..# ##........
### #.........
#..##....## ... .....# #.
.....#


You could see an orc warrior, an orc priest and 2 orc wizards.

Vanquished Creatures
  Grinder (D:3)
  The ghost of ThereIsNoGod the Digger, an amateur DrEE of Vehumet (D:3)
  An ice beast (D:5)
  A phantom (D:5)
  A sky beast (D:5)
  2 ogres (D:4)
  2 centaurs
  A wyvern skeleton (D:6)
  A bullfrog zombie (D:3)
  2 crimson imps (D:5)
  A jelly (D:4)
  3 orc priests (D:4)
  A hound (D:5)
  4 orc wizards
  4 worker ants
  Robin (D:3)
  7 gnolls (D:5)
  5 adders
  An ooze (D:1)
  A worm (D:3)
  An adder skeleton (D:5)
  2 dart slugs (D:4)
  2 leopard geckos
  10 orcs
  6 giant cockroaches
  11 goblins
  11 hobgoblins
  4 jackals (D:6)
  2 quokkas
  2 ball pythons
  A ball python skeleton (D:4)
  5 bats
  6 frilled lizards
  12 kobolds
  8 rats
124 creatures vanquished.

Notes
Turn   | Place    | Note
-------+----------+-------------------------------------------
     0 | D:1      | raph the Minotaur Fighter began the quest for the Orb.
     0 | D:1      | Reached XP level 1. HP: 19/19 MP: 0/0
   148 | D:1      | Reached XP level 2. HP: 27/27 MP: 1/1
   230 | D:1      | Reached skill level 3 in Long Blades
   956 | D:2      | Reached XP level 3. HP: 33/33 MP: 2/2
  2079 | D:3      | Noticed Robin
  2094 | D:3      | Reached XP level 4. HP: 38/40 MP: 3/3
  2113 | D:3      | Killed Robin
  2113 | D:3      | Reached skill level 4 in Long Blades
  2396 | D:3      | Noticed ThereIsNoGod's ghost (amateur DrEE)
  2414 | D:3      | Killed ThereIsNoGod's ghost
  2414 | D:3      | Reached XP level 5. HP: 38/47 MP: 4/4
  2477 | D:3      | Noticed Grinder
  2488 | D:3      | Found a faded altar of an unknown god.
  2506 | D:3      | Killed Grinder
  2506 | D:3      | Reached skill level 5 in Fighting
  2506 | D:3      | Reached skill level 5 in Long Blades
  2506 | D:3      | Reached skill level 5 in Armour
  2506 | D:3      | Reached skill level 5 in Shields
  2506 | D:3      | Reached XP level 6. HP: 6/56 MP: 5/5
  2800 | D:3      | Became a worshipper of Uskayaw the Reveler
  2800 | D:3      | Reached * piety under Uskayaw
  2897 | D:3      | Reached ** piety under Uskayaw
  3024 | D:3      | Found a hide-covered altar of Uskayaw.
  3025 | D:3      | Found a glowing golden altar of the Shining One.
  3030 | D:3      | Found a hazy altar of Hepliaklqana.
  3073 | D:4      | Reached skill level 6 in Long Blades
  3073 | D:4      | Reached XP level 7. HP: 45/61 MP: 2/6
  3165 | D:4      | Found a basalt altar of Yredelemnul.
  3197 | D:4      | Reached skill level 1 in Invocations
  3678 | D:4      | Reached *** piety under Uskayaw
  3889 | D:4      | Found a sacrificial altar of Ru.
  4213 | D:5      | Entered Level 5 of the Dungeon
  4224 | D:5      | Reached skill level 7 in Long Blades
  4359 | D:5      | Found a sparkling altar of Nemelex Xobeh.
  4427 | D:5      | Reached XP level 8. HP: 70/70 MP: 8/8
  4464 | D:5      | Reached **** piety under Uskayaw
  5096 | D:6      | Found a staircase to the Ecumenical Temple.
  5106 | D:6      | Found an ornate altar of the Wu Jian Council.
  5126 | D:6      | Reached skill level 8 in Long Blades
  5174 | D:6      | Found a blossoming altar of Fedhas.
  5989 | D:7      | Found Digeirr's Distillery.
  5993 | D:7      | Bought a potion of heal wounds for 60 gold pieces
  5993 | D:7      | Bought 2 potions of heal wounds for 120 gold pieces
  6014 | D:7      | HP: 3/71 [orc warrior/halberd (6)]
  6014 | D:7      | Killed from afar by an orc priest

Skill      XL: |  1  2  3  4  5  6  7  8 |
---------------+-------------------------+-----
Long Blades    | 3 4 5 6 7 8 |  8.4
Armour         | 4 5 6 |  6.7
Fighting       | 4 5 6 |  6.5
Shields        | 4 5 6 |  6.7
Invocations    | 2 3 |  3.2

Action                   |  1- 3 |  4- 6 |  7- 9 || total
-------------------------+-------+-------+-------++-------
Melee: Long sword        |   123 |    66 |   191 ||   380
       Headbutt          |    16 |    12 |    44 ||    72
 Fire: Hand crossbow     |       |       |     1 ||     1
Invok: Stomp             |       |     1 |     4 ||     5
  Use: Scroll            |       |       |    13 ||    13
 Stab: Paralysed         |       |       |     3 ||     3
  Eat: Chunk             |     3 |    11 |    10 ||    24
Armor: Scale mail        |    53 |    25 |    23 ||   101
       Chain mail        |       |       |    80 ||    80
Dodge: Dodged            |    36 |    21 |    51 ||   108
Block: Shield            |    62 |    33 |    99 ||   194
       Rpst.: Long sword |     9 |     3 |    11 ||    23
